 Dungeon Crawl Stone Soup version 0.30-a0-956-gcec3b41aec (webtiles) character file.

Game seed: 14738951916952564018

728 mopl the Shield-Bearer (level 7, -7/62 HPs)
             Began as a Troll Warper on Mar 29, 2023.
             Mangled by a hornet (10 damage)
             ... while paralysed by a hornet
             ... on level 5 of the Dungeon.
             The game lasted 00:03:45 (3402 turns).

mopl the Shield-Bearer (Troll Warper)               Turns: 3402, Time: 00:03:46

Health: -7/62      AC:  4    Str: 28    XL:     7   Next: 44%
Magic:  0/7        EV:  1    Int:  7    God:
Gold:   292        SH:  0    Dex:  9    Spells: 6/8 levels left

rFire   . . .      SeeInvis .      - Unarmed
rCold   . . .      Faith    .    f - +0 tower shield
rNeg    . . .      Spirit   +    a - +0 robe
rPois   .          Reflect  .    (helmet restricted)
rElec   .          Rampage  .    (no cloak)
rCorr   .          Rage     3%   (gloves unavailable)
Will    +....                    (boots unavailable)
Stlth   +                        y - amulet of guardian spirit
HPRegen 1.10/turn                E - ring of willpower
MPRegen 0.10/turn                (no ring)

@: paralysed, lethally poisoned (-7 -> -13), slowed
A: large, unfitting armour, claws 3, regeneration 1, shaggy fur 1, tough skin 1,
hooves 1, berserk 1, strong 2
a: no special abilities


You were on level 5 of the Dungeon.
You visited 1 branch of the dungeon, and saw 6 of its levels.

You collected 292 gold pieces.

Inventory:

Missiles
 c - 7 boomerangs of dispersal (quivered)
 d - 12 poisoned darts
 j - 7 boomerangs
 m - 2 atropa-tipped darts
Armour
 a - a +0 robe (worn)
 f - a +0 tower shield (worn)
Jewellery
 y - an amulet of guardian spirit (around neck)
 E - a ring of willpower (left claw)
Wands
 z - a wand of flame (22)
Scrolls
 b - 2 scrolls of blinking
 h - 6 scrolls of identify {unknown}
 i - 3 scrolls of fear {unknown}
 q - 2 scrolls of immolation {unknown}
 r - a scroll of enchant armour {unknown}
 s - 4 scrolls of teleportation {unknown}
 t - a scroll of vulnerability {unknown}
 A - a scroll of torment {unknown}
 B - 3 scrolls of enchant weapon {unknown}
Potions
 e - 3 potions of mutation {!q}
 g - 2 potions of brilliance {unknown}
 k - a potion of magic {unknown}
 l - 2 potions of attraction {unknown}
 n - a potion of invisibility {unknown}
 o - 2 potions of resistance {unknown}
 p - a potion of curing
 u - 3 potions of heal wounds {unknown}
 v - a potion of experience {unknown}
 w - a potion of degeneration {unknown}
 x - 2 potions of ambrosia {unknown}
 C - a potion of lignification {unknown}
 D - a potion of cancellation {unknown}
 F - a potion of haste {unknown}


   Skills:
 - Level 1.5 Fighting
 - Level 0.8 Throwing
 - Level 1.9 Dodging
 * Level 6.0 Shields
 + Level 5.0 Unarmed Combat
 - Level 1.2 Spellcasting
 - Level 2.1 Translocations


You had 6 spell levels left.
You knew the following spells:

 Your Spells              Type           Power      Damage    Failure   Level
e - Blink                 Tloc           6%         N/A       82%         2

Your spell library contained the following spells:

 Spells                   Type           Power      Damage    Failure   Level
 Lesser Beckoning         Tloc           6%         N/A       82%         2
 Foxfire                  Conj/Fire      0%         2x1d2     94%         1
 Teleport Other           Tloc           3%         N/A       96%         3
 Vhi's Electric Charge    Tloc/Air       2%         N/A       99%         3
 Manifold Assault         Tloc           3%         N/A       100%        4
 Fireball                 Conj/Fire      0%         3d3       100%        5
 Starburst                Conj/Fire      0%         6d3       100%        6


Dungeon Overview and Level Annotations

Branches:
Dungeon (6/15)
 Temple: D:4-7

Altars:
Fedhas
Zin

Annotations:
D:5 dig


Innate Abilities, Weirdness & Mutations

You are too large for most types of armour.
You have claws for hands.
Your natural rate of healing is unusually fast.
You are covered in fur. (AC +1)
You have tough skin. (AC +1)
You have large cloven feet.
You sometimes lose your temper in combat.
Your muscles are very strong. (Str +8, Int/Dex -2)


Message History

The hornet stings you but does no damage.
The hornet stings you!
You are poisoned.
You feel yourself slow down.
You feel sick. The hornet stings you!
You are more poisoned.
You feel as though you will be slow longer.
You can move again.
Unknown command.
Unknown command.
Unknown command.
Unknown command.
You feel very sick. The hornet stings you!
* * * LOW HITPOINT WARNING * * *
You feel as though you will be slow longer.
You block the hornet's attack.
You climb upwards.
Level annotation: dig You feel very sick.
There is a stone staircase leading down here.
You feel better.
The hornet stings you but does no damage.
You block the hornet's attack. The hornet stings you!
* * * LOW HITPOINT WARNING * * *
You are poisoned.
You feel as though you will be slow longer.
It was a potion of mutation.
You feel extremely strange.
You feel stronger.
Your feet thicken and deform.
You feel a little pissed off.
You feel stronger.
You feel very sick. You block the hornet's attack.
The hornet closely misses you.
You claw the hornet!
The hornet is moderately wounded.
You feel very sick. You block the hornet's attack. The hornet stings you.
* * * LOW HITPOINT WARNING * * *
You are lethally poisoned!
You suddenly lose the ability to move!
The hornet stings you!
You die...

###### #....#
########
#.##.#######.......
###.#....##....#..#..
#....y#..##.##.#.<#.#
#...@................
#.........#.........#
######....###.#.#####
#####......#....##...
#...#)###..########.#
#...#.# #............
#...#.# ##....#####..
#...#.# ####........
#...#.# ####.........


You could see a hornet.

Vanquished Creatures
  A black bear (D:6)
  A scorpion (D:4)
  5 hounds
  A jelly (D:5)
  3 orc priests
  3 iguanas
  4 gnolls
  8 adders
  A white imp (D:5)
  An ufetubus (D:4)
  3 worms
  4 dart slugs
  13 orcs
  6 bats
  6 endoplasms
  3 giant cockroaches
  7 goblins
  4 hobgoblins
  4 quokkas
  6 ball pythons
  3 frilled lizards
  6 kobolds
  7 rats
100 creatures vanquished.

Notes
Turn   | Place    | Note
-------+----------+-------------------------------------------
     0 | D:1      | mopl the Troll Warper began the quest for the Orb.
     0 | D:1      | Reached XP level 1. HP: 19/19 MP: 1/1
   112 | D:1      | Reached skill level 1 in Shields
   112 | D:1      | Reached XP level 2. HP: 16/27 MP: 2/2
   503 | D:1      | Reached skill level 2 in Shields
   503 | D:1      | Reached XP level 3. HP: 33/33 MP: 3/3
  1319 | D:3      | Reached XP level 4. HP: 14/33 MP: 4/4
  1406 | D:3      | Reached skill level 3 in Unarmed Combat
  1492 | D:3      | Reached skill level 3 in Shields
  2028 | D:3      | Reached XP level 5. HP: 44/47 MP: 5/5
  2084 | D:4      | Reached skill level 4 in Shields
  2155 | D:4      | Reached XP level 6. HP: 55/55 MP: 6/6
  2218 | D:4      | Reached skill level 4 in Unarmed Combat
  2452 | D:4      | Reached skill level 5 in Shields
  2525 | D:4      | Found a blossoming altar of Fedhas.
  2609 | D:5      | Entered Level 5 of the Dungeon
  2816 | D:5      | Reached XP level 7. HP: 62/62 MP: 7/7
  3170 | D:5      | Found a glowing silver altar of Zin.
  3219 | D:5      | Learned a level 2 spell: Blink
  3266 | D:6      | Reached skill level 6 in Shields
  3266 | D:6      | Reached skill level 5 in Unarmed Combat
  3378 | D:6      | Noticed a hornet
  3395 | D:6      | Paralysed by a hornet for 3 turns
  3401 | D:5      | Gained mutation: Your muscles are strong. (Str +4, Int/Dex
                  | -1) [potion of mutation]
  3401 | D:5      | Gained mutation: You have large cloven feet. [potion of
                  | mutation]
  3401 | D:5      | Gained mutation: You sometimes lose your temper in combat.
                  | [potion of mutation]
  3401 | D:5      | Gained mutation: Your muscles are very strong. (Str +8,
                  | Int/Dex -2) [potion of mutation]
  3402 | D:5      | HP: 3/62 [hornet (3)]
  3402 | D:5      | Paralysed by a hornet for 2 turns
  3402 | D:5      | Mangled by a hornet

Illustrated notes

Levels and vault maps discovered:
D:1:      dpeg_arrival_solitude, layout_loops_ring
D:2:      layout_loops_ring, minmay_tromino_v4_c
D:3:      layout_basic, serial_bayou_pond_c, minmay_diced_spiral
D:4:      layout_cave_pools, fedhas_altar_4
D:5:      layout_basic, zin_scriptorium
D:6:      layout_loops_ring, gammafunk_temple_overflow_pools, corner_web_ring,
          st_stairs_1

Skill      XL: |  1  2  3  4  5  6  7 |
---------------+----------------------+-----
Shields        | 1 2 3 4 5 6 |  6.0
Unarmed Combat | 3 4 5 |  5.0
Fighting       | |  1.5
Throwing       | |  0.8
Dodging        | |  1.9
Spellcasting   | |  1.2
Translocations | |  2.1

Action                     |  1- 3 |  4- 6 |  7- 9 || total
---------------------------+-------+-------+-------++-------
  Melee: Unarmed           |   134 |   174 |    40 ||   348
  Throw: Dart              |       |       |     1 ||     1
    Use: Potion            |       |       |     2 ||     2
   Stab: Sleeping          |     1 |       |       ||     1
         Distracted        |       |     1 |       ||     1
 Armour: Robe              |    51 |    26 |     7 ||    84
  Dodge: Dodged            |    30 |    49 |     6 ||    85
  Block: Tower shield      |    77 |   109 |    44 ||   230

Table legend: (Time is in decaauts)
 A = Elapsed time spent in this place.
 B = Non-inter-level travel time spent in this place.
 C = Inter-level travel time spent in this place.
 D = Time resting spent in this place.
 E = Time spent auto-exploring this place.
 F = Levels seen in this place.
 G = Mean time per level.
                   A        B        C        D        E       F      G
               +--------+--------+--------+--------+--------+-----+--------+
         Total |   3489 |   3383 |    106 |     88 |   2475 |   6 |  581.5 |
       Dungeon |   3489 |   3383 |    106 |     88 |   2475 |   6 |  581.5 |
               +--------+--------+--------+--------+--------+-----+--------+

Top non-repeatable levels by time:
     D:3: 810 daAuts
     D:2: 647 daAuts
     D:5: 643 daAuts
     D:1: 628 daAuts
     D:4: 596 daAuts
     D:6: 162 daAuts
